 Dungeon Crawl Stone Soup version bcrawl-1.19.1 (webtiles) character file.

Game seed: 4413268081618639986

51 mahrnol the Caller (level 3, -3/20 HPs)
             Began as an Avariel Summoner on Dec 5, 2019.
             Killed by nerve-wracking pain
             ... invoked by an orc priest
              (11 damage)
             ... on level 3 of the Dungeon.
             The game lasted 00:06:49 (1756 turns).

mahrnol the Caller (Avariel Summoner)               Turns: 1756, Time: 00:06:49

Health: -3/20      AC:  5    Str:  6    XL:     3   Next: 83%
Magic:  9/10       EV: 13    Int: 21    God:
Gold:   116        SH:  0    Dex: 13    Spells: 3/9 levels left

rFire    . . .     SeeInvis .   b - +0 dagger
rCold    . . .     Gourm    .   (no shield)
rNeg     . . .     Faith    .   a - +0 robe
rPois    .         Spirit   .   (no helmet)
rElec    .         Reflect  .   p - +2 cloak
rCorr    .         Harm     .   (no gloves)
MR       .....                  (no boots)
Stlth    ++........             (no amulet)
HPRegen  0.06/turn              (no ring)
MPRegen  0.12/turn              (no ring)

@: no status effects
A: no striking features
a: no special abilities


You were on level 3 of the Dungeon.
You were not hungry.

You visited 1 branch of the dungeon, and saw 3 of its levels.

You collected 116 gold pieces.

Inventory:

Hand Weapons
 b - a +0 dagger (weapon)
 r - a +0 hunting sling
Missiles
 f - 328 arrows
 h - 393 bolts
 j - 2 throwing nets (quivered) {!f}
Armour
 a - a +0 robe (worn)
 p - a +2 cloak (worn)
Scrolls
 c - a scroll of summoning
 e - 2 scrolls of enchant weapon {unknown}
 g - 2 scrolls of identify {unknown}
 i - 2 scrolls of remove curse
 k - a scroll of enchant armour {unknown}
 l - a scroll of amnesia {unknown}
 m - 2 scrolls of teleportation {unknown}
 q - a scroll of blinking {unknown}
 s - 2 scrolls of noise {unknown}
Potions
 n - a potion of resistance {unknown}
 o - a potion of haste {unknown}
 t - 2 potions of lignification {unknown}
 u - 2 potions of curing {unknown}
 w - a potion of magic {unknown}
 x - a potion of might {unknown}
Comestibles
 d - 4 rations {!d}


   Skills:
 + Level 0.6 Fighting
 + Level 0.2 Short Blades
 + Level 2.5 Dodging
 + Level 2.4 Stealth
 + Level 3.6 Spellcasting
 + Level 5.4 Summonings


You had 3 spell levels left.
You knew the following spells:

 Your Spells              Type           Power        Failure   Level  Hunger
a - Summon Small Mammal   Summ           ####         1%          1    None
b - Call Imp              Summ           ####..       1%          2    ##.....
c - Call Canine Familiar  Summ           ####....     4%          3    ###....

Your spell library contained the following spells:

 Spells                   Type           Power        Failure   Level  Hunger
 Summon Ice Beast         Ice/Summ       ###.....     38%         4    ####...
 Summon Lightning Spire   Summ/Air       ###.....     75%         5    ######.


Dungeon Overview and Level Annotations

Branches:
Dungeon (3/12)

Altars:
The Shining One


Message History

Beogh smites you!
Ouch! That really hurt!
Found 19 gold pieces.
You hit the orc.
The orc is lightly wounded.
The orc closely misses you.
You hit the orc.
The orc is moderately wounded.
The orc barely misses you.
The orc priest calls upon Beogh to heal the orc.
The orc's wounds heal themselves!
You hit the orc but do no damage. The orc misses you.
The orc priest hits your hound.
You hit the orc but do no damage. The orc hits you but does no damage.
You hit the orc but do no damage. The orc hits you but does no damage.
You hit the orc but do no damage. The orc barely misses you.
The orc priest calls down the wrath of Beogh upon you.
Pain shoots through your body!
Ouch! That really hurt!
You die...

... .(.#.####
#.# #.##$. .. ..
#o##.# #. .#
#.##.# #.#.##
#.##.# #....
#.##.# ##.####.#
#..#.###.o@<.h.#
##........######
#.......o##
#......###
#.....## #.....#
#.....# #.....#
#.....#


You could see an orc priest, an orc and a friendly hound.

Vanquished Creatures
  A hound (D:2)
  A dart slug (D:2)
  A ball python (D:1)
  A goblin (D:2)
  2 hobgoblins (D:2)
  2 bats (D:1)
  A frilled lizard (D:2)
  2 kobolds
  2 rats (D:2)
13 creatures vanquished.

Vanquished Creatures (collateral kills)
  2 worms (D:2)
  2 dart slugs (D:1)
  2 leopard geckos
  2 giant cockroaches
  2 goblins
  4 hobgoblins (D:1)
  3 bats
  3 kobolds (D:2)
  A rat (D:1)
21 creatures vanquished.

Grand Total: 34 creatures vanquished

Notes
Turn   | Place    | Note
-------+----------+-------------------------------------------
     0 | D:1      | mahrnol the Avariel Summoner began the quest for the Orb.
     0 | D:1      | Reached XP level 1. HP: 10/10 MP: 6/6
   159 | D:1      | Reached skill level 5 in Summonings
   172 | D:1      | Reached XP level 2. HP: 12/15 MP: 4/7
   211 | D:1      | Learned a level 2 spell: Call Imp
   829 | D:2      | Found a glowing golden altar of the Shining One.
   934 | D:2      | Reached XP level 3. HP: 19/20 MP: 9/9
  1003 | D:2      | Learned a level 3 spell: Call Canine Familiar
  1756 | D:3      | Killed from afar by an orc priest

Skill      XL: |  1  2 |
---------------+-------+-----
Summonings     | 5 |  5.4
Spellcasting   | 3 |  3.6
Fighting       | |  0.6
Short Blades   | |  0.2
Dodging        | |  2.5
Stealth        | |  2.4

Action                   || total
-------------------------++-------
Melee: Dagger            ||    86
 Cast: Summon Small Mamm ||    34
       Call Imp          ||     3
       Call Canine Famil ||     3
  Use: Scroll            ||     2
 Stab: Sleeping          ||     2
       Distracted        ||     1
  Eat: Chunk             ||     3
Armor: Robe              ||    30
Dodge: Dodged            ||    49
